Workbook

Sheet BM 01
A2: BOLETIM DE MEDIÇÃO
A4: PROGRAMA: | B4: INTEGRA PARAIBA | C4: MODALIDADE: ESCOLA | H4: EMPREENDIMENTO: | J4: GESTOR: | L4: DATA DA MEDIÇÃO | M4: 45646
J5: ESTADO DA PARAÍBA
A7: CONTRATANTE: | D7: CNPJ: | F7: CONTRATADA: CONSTRUTORA SOUSA CAMPOS | J7: CNPJ: 19.175.657/0001-18 | L7: INICIO DA OBRA; | M7: 45579
A8: PREFEITURA MUNICIPAL DE MOGEIRO | D8: 08.866.501/0001-67
A10: OBJETO: | B10: CONTRATAÇÃO DE EMPRESA PARA CONSTRUÇÃO DE UMA ESCOLA COM 6 SALAS DE AULA. TIPO A INTEGRA PARAIBA. | F10: PROCESSO/OPERAÇÃO: | H10: CONTRATO-CPL: | J10: N° MEDIÇÃO | L10: PERÍODO DA MEDIÇÃO:
H11: 00125/2024-CPL | J11: 01 | L11: DE 01/12/2024 a 20/12/2024
A13: LOCAL: | B13: AVENIDA JOSÉ AMÉRICO, Z/N, BAIRRO MARIA PEIXOTO, MOGEIRO-PB | F13: VALOR CONTRATADO | H13: VALOR DA MEDIÇÃO | J13: VALOR ACUMULADO | L13: SALDO DO CONTRATO
F14: =F316 -> 1401000 | H14: =K324 -> 53166.7 | J14: =L324 -> 53166.7 | L14: =F14-J14 -> 1347833.3
A16: ITEM | B16: DISCRIMINAÇÃO | C16: CONTRATADO | G16: QUANTITATIVO | J16: FINANCEIRO | M16: PERCENTUAL MEDIDO
C17: UNID | D17: QUANT. | E17: UNITÁRIO | F17: TOTAL | G17: ACUMULADO ANTERIOR | H17: PERIODO | I17: ACUMULADO INCLUINDO O PERIODO | J17: ACUMULADO ANTERIOR | K17: PERIODO | L17: ACUMULADO INCLUINDO O PERIODO
A19: 1 | B19: SERVIÇOS PRELIMINARES | F19: =SUM(F20:F29) -> 73151.734 | J19: =SUM(J20) -> 0 | K19: =SUM(K20:K29) -> 53166.7 | L19: =K19 -> 53166.7 | M19: =L19/F19 -> 0.72680027
A20: 1.1 | B20: Placa de obra em chapa aço galvanizado, instalada - Rev 02_01/2022 | C20: m² | D20: 10 | E20: 311.37 | F20: =E20*D20 -> 3113.7 | G20: 0 | H20: 10 | I20: 10 | J20: =TRUNC(E20*G20,2) -> 0 | K20: =TRUNC(E20*H20,2) -> 3113.7 | L20: =J20+K20 -> 3113.7 | M20: =L20/F20 -> 1
A21: 1.2 | B21: TAPUME COM COMPENSADO DE MADEIRA. AF_05/2018 | C21: m² | D21: 176 | E21: 92.8 | F21: =E21*D21 -> 16332.8 | G21: 0 | H21: 176 | I21: =G21+H21 -> 176 | J21: =TRUNC(E21*G21,2) -> 0 | K21: =TRUNC(E21*H21,2) -> 16332.8 | L21: =J21+K21 -> 16332.8 | M21: =L21/F21 -> 1
A22: 1.3 | B22: INSTALAÇÕES PROVISÓRIAS DE LUZ , FORÇA,TELEFONE E LÓGICA | C22: UN | D22: 1 | E22: 1140.85 | F22: =E22*D22 -> 1140.85 | G22: 0 | H22: 0 | I22: =G22+H22 -> 0 | J22: =TRUNC(E22*G22,2) -> 0 | K22: =TRUNC(E22*H22,2) -> 0 | L22: =J22+K22 -> 0 | M22: =L22/F22 -> 0
A23: 1.4 | B23: EXECUÇÃO DE RESERVATÓRIO ELEVADO DE ÁGUA (1000 LITROS) EM CANTEIRO DE OBRA, APOIADO EM ESTRUTURA DE MADEIRA. AF_02/2016_PA | C23: UN | D23: 1 | E23: 4511.19 | F23: =E23*D23 -> 4511.19 | G23: 0 | H23: 0 | I23: =G23+H23 -> 0 | J23: =TRUNC(E23*G23,2) -> 0 | K23: =TRUNC(E23*H23,2) -> 0 | L23: =J23+K23 -> 0 | M23: =L23/F23 -> 0
A24: 1.5 | B24: FOSSA SÉPTICA E SUMIDOURO EM ALVENARIA | C24: UN | D24: 1 | E24: 4397.61 | F24: =E24*D24 -> 4397.61 | G24: 0 | H24: 0 | I24: =G24+H24 -> 0 | J24: =TRUNC(E24*G24,2) -> 0 | K24: =TRUNC(E24*H24,2) -> 0 | L24: =J24+K24 -> 0 | M24: =L24/F24 -> 0
A25: 1.6 | B25: EXECUÇÃO DE SANITÁRIO E VESTIÁRIO EM CANTEIRO DE OBRA EM CHAPA DE MADEIRA COMPENSADA, NÃO INCLUSO MOBILIÁRIO. AF_02/2016 | C25: m² | D25: 2.52 | E25: 831.62 | F25: =E25*D25 -> 2095.6824 | G25: 0 | H25: 0 | I25: =G25+H25 -> 0 | J25: =TRUNC(E25*G25,2) -> 0 | K25: =TRUNC(E25*H25,2) -> 0 | L25: =J25+K25 -> 0 | M25: =L25/F25 -> 0
A26: 1.7 | B26: EXECUÇÃO DE ESCRITÓRIO EM CANTEIRO DE OBRA EM CHAPA DE MADEIRA COMPENSADA, NÃO INCLUSO MOBILIÁRIO E EQUIPAMENTOS. AF_02/2016 | C26: m² | D26: 20 | E26: 893.23 | F26: =E26*D26 -> 17864.6 | G26: 0 | H26: 20 | I26: =G26+H26 -> 20 | J26: =TRUNC(E26*G26,2) -> 0 | K26: =TRUNC(E26*H26,2) -> 17864.6 | L26: =J26+K26 -> 17864.6 | M26: =L26/F26 -> 1
A27: 1.8 | B27: EXECUÇÃO DE DEPÓSITO EM CANTEIRO DE OBRA EM CHAPA DE MADEIRA COMPENSADA, NÃO INCLUSO MOBILIÁRIO. AF_04/2016 | C27: m² | D27: 20 | E27: 732.78 | F27: =E27*D27 -> 14655.6 | G27: 0 | H27: 20 | I27: =G27+H27 -> 20 | J27: =TRUNC(E27*G27,2) -> 0 | K27: =TRUNC(E27*H27,2) -> 14655.6 | L27: =J27+K27 -> 14655.6 | M27: =L27/F27 -> 1
A28: 1.9 | B28: LOCAÇÃO DA OBRA - EXECUÇÃO DE GABARITO | C28: m² | D28: 1129.64 | E28: 6.94 | F28: =E28*D28 -> 7839.7016 | G28: 0 | H28: 0 | I28: =G28+H28 -> 0 | J28: =TRUNC(E28*G28,2) -> 0 | K28: =TRUNC(E28*H28,2) -> 0 | L28: =J28+K28 -> 0 | M28: =L28/F28 -> 0
A29: 1.10 | B29: LIMPEZA MECANIZADA DE CAMADA VEGETAL, VEGETAÇÃO E PEQUENAS ÁRVORES (DIÂMETRO DE TRONCO MENOR QUE 0,20 M), COM TRATOR DE ESTEIRAS.AF_05/2018 | C29: m² | D29: 4000 | E29: 0.3 | F29: =E29*D29 -> 1200 | G29: 0 | H29: 4000 | I29: =G29+H29 -> 4000 | J29: =TRUNC(E29*G29,2) -> 0 | K29: =TRUNC(E29*H29,2) -> 1200 | L29: =J29+K29 -> 1200 | M29: =L29/F29 -> 1
A30: 2 | B30: MOVIMENTO DE TERRAS PARA FUNDAÇÕES | F30: =SUM(F31:F34) -> 31327.78 | K30: =SUM(K31:K34) -> 0 | L30: =K30 -> 0 | M30: =L30/F30 -> 0
A31: 2.1 | B31: ATERRO MANUAL DE VALAS COM SOLO ARGILO-ARENOSO E COMPACTAÇÃO MECANIZADA. AF_05/2016 | C31: m³ | D31: 168.5 | E31: 66.13 | F31: 11142.9 | G31: 0 | H31: 0 | I31: =G31+H31 -> 0 | J31: =TRUNC(E31*G31,2) -> 0 | K31: =TRUNC(E31*H31,2) -> 0 | L31: =J31+K31 -> 0 | M31: =L31/F31 -> 0
A32: 2.2 | B32: ESCAVAÇÃO MANUAL DE VALA COM PROFUNDIDADE MENOR OU IGUAL A 1,30 M. AF_02/2021 | C32: m³ | D32: 94.33 | E32: 69.08 | F32: 6516.31 | G32: 0 | H32: 0 | I32: =G32+H32 -> 0 | J32: =TRUNC(E32*G32,2) -> 0 | K32: =TRUNC(E32*H32,2) -> 0 | L32: =J32+K32 -> 0 | M32: =L32/F32 -> 0
A33: 2.3 | B33: ATERRO MANUAL DE VALAS COM SOLO ARGILO-ARENOSO E COMPACTAÇÃO MECANIZADA. AF_05/2016 | C33: m³ | D33: 184.58 | E33: 66.13 | F33: 12206.27 | G33: 0 | H33: 0 | I33: =G33+H33 -> 0 | J33: =TRUNC(E33*G33,2) -> 0 | K33: =TRUNC(E33*H33,2) -> 0 | L33: =J33+K33 -> 0 | M33: =L33/F33 -> 0
A34: 2.4 | B34: REATERRO MANUAL DE VALAS COM COMPACTAÇÃO MECANIZADA. AF_04/2016 | C34: m³ | D34: 55.58 | E34: 26.31 | F34: 1462.3 | G34: 0 | H34: 0 | I34: =G34+H34 -> 0 | J34: =TRUNC(E34*G34,2) -> 0 | K34: =TRUNC(E34*H34,2) -> 0 | L34: =J34+K34 -> 0 | M34: =L34/F34 -> 0
A35: 3 | B35: INFRAESTRUTURA: FUNDAÇÕES | F35: =F36+F45+F52 -> 110557.96 | K35: =K36+K45+K52 -> 0 | L35: =K35 -> 0 | M35: =L35/F35 -> 0
A36: 3.1 | B36: CONCRETO ARMADO PARA FUNDAÇÕES - SAPATAS | F36: =SUM(F37:F44) -> 40612.69 | K36: =SUM(K37:K44) -> 0 | L36: =K36 -> 0 | M36: =L36/F36 -> 0
A37: 3.1.1 | B37: LASTRO DE CONCRETO MAGRO, APLICADO EM BLOCOS DE COROAMENTO OU SAPATAS, ESPESSURA DE 5 CM. AF_08/2017 | C37: m² | D37: 61.88 | E37: 27.39 | F37: 1694.89 | G37: 0 | H37: 0 | I37: =G37+H37 -> 0 | J37: =TRUNC(E37*G37,2) -> 0 | K37: =TRUNC(E37*H37,2) -> 0 | L37: =J37+K37 -> 0 | M37: =L37/F37 -> 0
A38: 3.1.2 | B38: FABRICAÇÃO, MONTAGEM E DESMONTAGEM DE FÔRMA PARA SAPATA, EM MADEIRA SERRADA, E=25 MM, 4 UTILIZAÇÕES. AF_06/2017 | C38: m² | D38: 165.15 | E38: 128.27 | F38: 21183.79 | G38: 0 | H38: 0 | I38: =G38+H38 -> 0 | J38: =TRUNC(E38*G38,2) -> 0 | K38: =TRUNC(E38*H38,2) -> 0 | L38: =J38+K38 -> 0 | M38: =L38/F38 -> 0
A39: 3.1.3 | B39: ARMAÇÃO DE ESTRUTURAS DIVERSAS DE CONCRETO ARMADO, EXCETO VIGAS, PILARES, LAJES E FUNDAÇÕES, UTILIZANDO AÇO CA-50 DE 6,3 MM - MONTAGEM. AF_06/2022 | C39: KG | D39: 6.55 | E39: 14.13 | F39: 92.55 | G39: 0 | H39: 0 | I39: =G39+H39 -> 0 | J39: =TRUNC(E39*G39,2) -> 0 | K39: =TRUNC(E39*H39,2) -> 0 | L39: =J39+K39 -> 0 | M39: =L39/F39 -> 0
A40: 3.1.4 | B40: ARMAÇÃO DE ESTRUTURAS DIVERSAS DE CONCRETO ARMADO, EXCETO VIGAS, PILARES, LAJES E FUNDAÇÕES, UTILIZANDO AÇO CA-50 DE 8,0 MM - MONTAGEM. AF_06/2022 | C40: KG | D40: 32.45 | E40: 13.04 | F40: 423.14 | G40: 0 | H40: 0 | I40: =G40+H40 -> 0 | J40: =TRUNC(E40*G40,2) -> 0 | K40: =TRUNC(E40*H40,2) -> 0 | L40: =J40+K40 -> 0 | M40: =L40/F40 -> 0
A41: 3.1.5 | B41: ARMAÇÃO DE ESTRUTURAS DIVERSAS DE CONCRETO ARMADO, EXCETO VIGAS, PILARES, LAJES E FUNDAÇÕES, UTILIZANDO AÇO CA-50 DE 10,0 MM - MONTAGEM. AF_06/2022 | C41: KG | D41: 312.26 | E41: 11.49 | F41: 3587.86 | G41: 0 | H41: 0 | I41: =G41+H41 -> 0 | J41: =TRUNC(E41*G41,2) -> 0 | K41: =TRUNC(E41*H41,2) -> 0 | L41: =J41+K41 -> 0 | M41: =L41/F41 -> 0
A42: 3.1.6 | B42: ARMAÇÃO DE ESTRUTURAS DIVERSAS DE CONCRETO ARMADO, EXCETO VIGAS, PILARES, LAJES E FUNDAÇÕES, UTILIZANDO AÇO CA-50 DE 12,5 MM - MONTAGEM. AF_06/2022 | C42: KG | D42: 32.64 | E42: 9.57 | F42: 312.36 | G42: 0 | H42: 0 | I42: =G42+H42 -> 0 | J42: =TRUNC(E42*G42,2) -> 0 | K42: =TRUNC(E42*H42,2) -> 0 | L42: =J42+K42 -> 0 | M42: =L42/F42 -> 0
A43: 3.1.7 | B43: ARMAÇÃO DE ESTRUTURAS DIVERSAS DE CONCRETO ARMADO, EXCETO VIGAS, PILARES, LAJES E FUNDAÇÕES, UTILIZANDO AÇO CA-60 DE 5,0 MM - MONTAGEM. AF_06/2022 | C43: KG | D43: 307.55 | E43: 15.18 | F43: 4668.6 | G43: 0 | H43: 0 | I43: =G43+H43 -> 0 | J43: =TRUNC(E43*G43,2) -> 0 | K43: =TRUNC(E43*H43,2) -> 0 | L43: =J43+K43 -> 0 | M43: =L43/F43 -> 0
A44: 3.1.8 | B44: CONCRETAGEM DE SAPATAS, FCK 30 MPA, COM USO DE BOMBA  LANÇAMENTO, ADENSAMENTO E ACABAMENTO. AF_11/2016 | C44: m³ | D44: 16.12 | E44: 536.57 | F44: 8649.5 | G44: 0 | H44: 0 | I44: =G44+H44 -> 0 | J44: =TRUNC(E44*G44,2) -> 0 | K44: =TRUNC(E44*H44,2) -> 0 | L44: =J44+K44 -> 0 | M44: =L44/F44 -> 0
A45: 3.2 | B45: CONCRETO ARMADO PARA FUNDAÇÕES - VIGAS BALDRAMES | F45: =SUM(F46:F51) -> 62144.6 | M45: =L45/F45 -> 0
A46: 3.2.1 | B46: FABRICAÇÃO, MONTAGEM E DESMONTAGEM DE FÔRMA PARA VIGA BALDRAME, EM MADEIRA SERRADA, E=25 MM, 4 UTILIZAÇÕES. AF_06/2017 | C46: m² | D46: 463.48 | E46: 64.54 | F46: 29912.99 | G46: 0 | H46: 0 | I46: =G46+H46 -> 0 | J46: =TRUNC(E46*G46,2) -> 0 | K46: =TRUNC(E46*H46,2) -> 0 | L46: =J46+K46 -> 0 | M46: =L46/F46 -> 0
A47: 3.2.2 | B47: ARMAÇÃO DE ESTRUTURAS DIVERSAS DE CONCRETO ARMADO, EXCETO VIGAS, PILARES, LAJES E FUNDAÇÕES, UTILIZANDO AÇO CA-50 DE 6,3 MM - MONTAGEM. AF_06/2022 | C47: KG | D47: 0.73 | E47: 14.13 | F47: 10.31 | G47: 0 | H47: 0 | I47: =G47+H47 -> 0 | J47: =TRUNC(E47*G47,2) -> 0 | K47: =TRUNC(E47*H47,2) -> 0 | L47: =J47+K47 -> 0 | M47: =L47/F47 -> 0
A48: 3.2.3 | B48: ARMAÇÃO DE ESTRUTURAS DIVERSAS DE CONCRETO ARMADO, EXCETO VIGAS, PILARES, LAJES E FUNDAÇÕES, UTILIZANDO AÇO CA-50 DE 8,0 MM - MONTAGEM. AF_06/2022 | C48: KG | D48: 829.82 | E48: 13.04 | F48: 10820.85 | G48: 0 | H48: 0 | I48: =G48+H48 -> 0 | J48: =TRUNC(E48*G48,2) -> 0 | K48: =TRUNC(E48*H48,2) -> 0 | L48: =J48+K48 -> 0 | M48: =L48/F48 -> 0
A49: 3.2.4 | B49: ARMAÇÃO DE ESTRUTURAS DIVERSAS DE CONCRETO ARMADO, EXCETO VIGAS, PILARES, LAJES E FUNDAÇÕES, UTILIZANDO AÇO CA-50 DE 10,0 MM - MONTAGEM. AF_06/2022 | C49: KG | D49: 100.82 | E49: 11.49 | F49: 1158.42 | G49: 0 | H49: 0 | I49: =G49+H49 -> 0 | J49: =TRUNC(E49*G49,2) -> 0 | K49: =TRUNC(E49*H49,2) -> 0 | L49: =J49+K49 -> 0 | M49: =L49/F49 -> 0
A50: 3.2.5 | B50: ARMAÇÃO DE ESTRUTURAS DIVERSAS DE CONCRETO ARMADO, EXCETO VIGAS, PILARES, LAJES E FUNDAÇÕES, UTILIZANDO AÇO CA-60 DE 5,0 MM - MONTAGEM. AF_06/2022 | C50: KG | D50: 395 | E50: 15.18 | F50: 5996.1 | G50: 0 | H50: 0 | I50: =G50+H50 -> 0 | J50: =TRUNC(E50*G50,2) -> 0 | K50: =TRUNC(E50*H50,2) -> 0 | L50: =J50+K50 -> 0 | M50: =L50/F50 -> 0
A51: 3.2.6 | B51: CONCRETAGEM DE BLOCOS DE COROAMENTO E VIGAS BALDRAMES, FCK 30 MPA, COM USO DE BOMBA  LANÇAMENTO, ADENSAMENTO E ACABAMENTO. AF_06/2017 | C51: m³ | D51: 26.87 | E51: 530.18 | F51: 14245.93 | G51: 0 | H51: 0 | I51: =G51+H51 -> 0 | J51: =TRUNC(E51*G51,2) -> 0 | K51: =TRUNC(E51*H51,2) -> 0 | L51: =J51+K51 -> 0 | M51: =L51/F51 -> 0
A52: 3.3 | B52: CONCRETO ARMADO PARA FUNDAÇÕES - BASE CAIXA D'ÁGUA | F52: =SUM(F53:F56) -> 7800.67 | M52: =L52/F52 -> 0
A53: 3.3.1 | B53: FABRICAÇÃO, MONTAGEM E DESMONTAGEM DE FÔRMA PARA SAPATA, EM MADEIRA SERRADA, E=25 MM, 4 UTILIZAÇÕES. AF_06/2017 | C53: m² | D53: 5.6 | E53: 128.27 | F53: 718.31 | G53: 0 | H53: 0 | I53: =G53+H53 -> 0 | J53: =TRUNC(E53*G53,2) -> 0 | K53: =TRUNC(E53*H53,2) -> 0 | L53: =J53+K53 -> 0 | M53: =L53/F53 -> 0
A54: 3.3.2 | B54: ARMAÇÃO DE ESTRUTURAS DIVERSAS DE CONCRETO ARMADO, EXCETO VIGAS, PILARES, LAJES E FUNDAÇÕES, UTILIZANDO AÇO CA-50 DE 10,0 MM - MONTAGEM. AF_06/2022 | C54: KG | D54: 325 | E54: 11.49 | F54: 3734.25 | G54: 0 | H54: 0 | I54: =G54+H54 -> 0 | J54: =TRUNC(E54*G54,2) -> 0 | K54: =TRUNC(E54*H54,2) -> 0 | L54: =J54+K54 -> 0 | M54: =L54/F54 -> 0
A55: 3.3.3 | B55: ARMAÇÃO DE ESTRUTURAS DIVERSAS DE CONCRETO ARMADO, EXCETO VIGAS, PILARES, LAJES E FUNDAÇÕES, UTILIZANDO AÇO CA-60 DE 5,0 MM - MONTAGEM. AF_06/2022 | C55: KG | D55: 82 | E55: 15.18 | F55: 1244.76 | G55: 0 | H55: 0 | I55: =G55+H55 -> 0 | J55: =TRUNC(E55*G55,2) -> 0 | K55: =TRUNC(E55*H55,2) -> 0 | L55: =J55+K55 -> 0 | M55: =L55/F55 -> 0
A56: 3.3.4 | B56: CONCRETAGEM DE SAPATAS, FCK 30 MPA, COM USO DE BOMBA  LANÇAMENTO, ADENSAMENTO E ACABAMENTO. AF_11/2016 | C56: m³ | D56: 3.92 | E56: 536.57 | F56: 2103.35 | G56: 0 | H56: 0 | I56: =G56+H56 -> 0 | J56: =TRUNC(E56*G56,2) -> 0 | K56: =TRUNC(E56*H56,2) -> 0 | L56: =J56+K56 -> 0 | M56: =L56/F56 -> 0
A57: 4 | B57: SUPERESTRUTURA | F57: =F58+F65+F71+F73 -> 173762.92 | M57: =L57/F57 -> 0
A58: 4.1 | B58: CONCRETO ARMADO - VIGAS | F58: =SUM(F59:F64) -> 65370.7 | J58: =SUM(J59:J59) -> 0 | K58: =SUM(K59:K59) -> 0 | L58: =SUM(L59:L59) -> 0 | M58: =L58/F58 -> 0
A59: 4.1.1 | B59: MONTAGEM E DESMONTAGEM DE FÔRMA DE VIGA, ESCORAMENTO COM GARFO DE MADEIRA, PÉ-DIREITO SIMPLES, EM CHAPA DE MADEIRA PLASTIFICADA, 12 UTILIZAÇÕES. AF_09/2020 | C59: m² | D59: 453.62 | E59: 77.74 | F59: 35264.41 | G59: 0 | H59: 0 | I59: =G59+H59 -> 0 | J59: =TRUNC(E59*G59,2) -> 0 | K59: =TRUNC(E59*H59,2) -> 0 | L59: =J59+K59 -> 0 | M59: =L59/F59 -> 0
A60: 4.1.2 | B60: ARMAÇÃO DE PILAR OU VIGA DE ESTRUTURA CONVENCIONAL DE CONCRETO ARMADO UTILIZANDO AÇO CA-50 DE 6,3 MM - MONTAGEM. AF_06/2022 | C60: KG | D60: 0.73 | E60: 12.52 | F60: 9.13 | G60: 0 | H60: 0 | I60: =G60+H60 -> 0 | J60: =TRUNC(E60*G60,2) -> 0 | K60: =TRUNC(E60*H60,2) -> 0 | L60: =J60+K60 -> 0 | M60: =L60/F60 -> 0
A61: 4.1.3 | B61: ARMAÇÃO DE PILAR OU VIGA DE ESTRUTURA CONVENCIONAL DE CONCRETO ARMADO UTILIZANDO AÇO CA-50 DE 8,0 MM - MONTAGEM. AF_06/2022 | C61: KG | D61: 829.82 | E61: 11.9 | F61: 9874.85 | G61: 0 | H61: 0 | I61: =G61+H61 -> 0 | J61: =TRUNC(E61*G61,2) -> 0 | K61: =TRUNC(E61*H61,2) -> 0 | L61: =J61+K61 -> 0 | M61: =L61/F61 -> 0
A62: 4.1.4 | B62: ARMAÇÃO DE PILAR OU VIGA DE ESTRUTURA CONVENCIONAL DE CONCRETO ARMADO UTILIZANDO AÇO CA-50 DE 10,0 MM - MONTAGEM. AF_06/2022 | C62: KG | D62: 100.82 | E62: 10.71 | F62: 1079.78 | G62: 0 | H62: 0 | I62: =G62+H62 -> 0 | J62: =TRUNC(E62*G62,2) -> 0 | K62: =TRUNC(E62*H62,2) -> 0 | L62: =J62+K62 -> 0 | M62: =L62/F62 -> 0
A63: 4.1.5 | B63: ARMAÇÃO DE PILAR OU VIGA DE ESTRUTURA CONVENCIONAL DE CONCRETO ARMADO UTILIZANDO AÇO CA-60 DE 5,0 MM - MONTAGEM. AF_06/2022 | C63: KG | D63: 379 | E63: 13.01 | F63: 4930.79 | G63: 0 | H63: 0 | I63: =G63+H63 -> 0 | J63: =TRUNC(E63*G63,2) -> 0 | K63: =TRUNC(E63*H63,2) -> 0 | L63: =J63+K63 -> 0 | M63: =L63/F63 -> 0
A64: 4.1.6 | B64: CONCRETAGEM DE VIGAS E LAJES, FCK=25 MPA, PARA LAJES MACIÇAS OU NERVURADAS COM USO DE BOMBA - LANÇAMENTO, ADENSAMENTO E ACABAMENTO. AF_02/2022_PS | C64: m³ | D64: 27.81 | E64: 511.03 | F64: 14211.74 | G64: 0 | H64: 0 | I64: =G64+H64 -> 0 | J64: =TRUNC(E64*G64,2) -> 0 | K64: =TRUNC(E64*H64,2) -> 0 | L64: =J64+K64 -> 0 | M64: =L64/F64 -> 0
A65: 4.2 | B65: CONCRETO ARMADO - LAJES E PILARES | F65: =SUM(F66:F70) -> 40599.88 | J65: =SUM(J66) -> 0 | K65: =SUM(K66) -> 0 | L65: =SUM(L66) -> 0 | M65: =L65/F65 -> 0
A66: 4.2.1 | B66: MONTAGEM E DESMONTAGEM DE FÔRMA DE PILARES RETANGULARES E ESTRUTURAS SIMILARES, PÉ-DIREITO SIMPLES, EM CHAPA DE MADEIRA COMPENSADA PLASTIFICADA, 12 UTILIZAÇÕES. AF_09/2020 | C66: m² | D66: 319.27 | E66: 40.75 | F66: 13010.25 | G66: 0 | H66: 0 | I66: =G66+H66 -> 0 | J66: =TRUNC(E66*G66,2) -> 0 | K66: =TRUNC(E66*H66,2) -> 0 | L66: =J66+K66 -> 0 | M66: =L66/F66 -> 0
A67: 4.2.2 | B67: ARMAÇÃO DE ESTRUTURAS DIVERSAS DE CONCRETO ARMADO, EXCETO VIGAS, PILARES, LAJES E FUNDAÇÕES, UTILIZANDO AÇO CA-50 DE 10,0 MM - MONTAGEM. AF_06/2022 | C67: KG | D67: 1063.91 | E67: 11.49 | F67: 12224.32 | G67: 0 | H67: 0 | I67: =G67+H67 -> 0 | J67: =TRUNC(E67*G67,2) -> 0 | K67: =TRUNC(E67*H67,2) -> 0 | L67: =J67+K67 -> 0 | M67: =L67/F67 -> 0
A68: 4.2.3 | B68: ARMAÇÃO DE ESTRUTURAS DIVERSAS DE CONCRETO ARMADO, EXCETO VIGAS, PILARES, LAJES E FUNDAÇÕES, UTILIZANDO AÇO CA-50 DE 12,5 MM - MONTAGEM. AF_06/2022 | C68: KG | D68: 102.27 | E68: 9.57 | F68: 978.72 | G68: 0 | H68: 0 | I68: =G68+H68 -> 0 | J68: =TRUNC(E68*G68,2) -> 0 | K68: =TRUNC(E68*H68,2) -> 0 | L68: =J68+K68 -> 0 | M68: =L68/F68 -> 0
A69: 4.2.4 | B69: ARMAÇÃO DE ESTRUTURAS DIVERSAS DE CONCRETO ARMADO, EXCETO VIGAS, PILARES, LAJES E FUNDAÇÕES, UTILIZANDO AÇO CA-60 DE 5,0 MM - MONTAGEM. AF_06/2022 | C69: KG | D69: 404.73 | E69: 15.18 | F69: 6143.8 | G69: 0 | H69: 0 | I69: =G69+H69 -> 0 | J69: =TRUNC(E69*G69,2) -> 0 | K69: =TRUNC(E69*H69,2) -> 0 | L69: =J69+K69 -> 0 | M69: =L69/F69 -> 0
A70: 4.2.5 | B70: CONCRETAGEM DE PILARES, FCK = 25 MPA, COM USO DE BOMBA - LANÇAMENTO, ADENSAMENTO E ACABAMENTO. AF_02/2022_PS | C70: m³ | D70: 16.15 | E70: 510.39 | F70: 8242.79 | G70: 0 | H70: 0 | I70: =G70+H70 -> 0 | J70: =TRUNC(E70*G70,2) -> 0 | K70: =TRUNC(E70*H70,2) -> 0 | L70: =J70+K70 -> 0 | M70: =L70/F70 -> 0
A71: 4.3 | B71: CONCRETO ARMADO - LAJES DE FORRO | F71: =SUM(F72) -> 55985.86 | J71: =SUM(J72) -> 0 | K71: =SUM(K72) -> 0 | L71: =SUM(L72) -> 0 | M71: =L71/F71 -> 0
A72: 4.3.1 | B72: LAJE PRÉ-MOLDADA P/FORRO, SOBRECARGA 100KG/M², VÃO ATÉ 3,50 M/E = 8CM, COM LAJOTAS E CAPA C/ CONC. FCK=20MPA, 3CM, INTER-EIXO 38CM, C/ESCORAMENTO (REAPR. 3X) E FERRAGEM-PREÇO 02/23 - SINAPI/PB. (M²) | C72: M² | D72: 647.46 | E72: 86.47 | F72: 55985.86 | G72: 0 | H72: 0 | I72: =G72+H72 -> 0 | J72: =TRUNC(E72*G72,2) -> 0 | K72: =TRUNC(E72*H72,2) -> 0 | L72: =J72+K72 -> 0 | M72: =L72/F72 -> 0
A73: 4.4 | B73: CONCRTEO ARMADO - VERGAS E CONTRAVERGAS | F73: =SUM(F74) -> 11806.48 | M73: =L73/F73 -> 0
A74: 4.4.1 | B74: VERGA PRÉ-MOLDADA PARA JANELAS COM MAIS DE 1,5 M DE VÃO. AF_03/2016 | C74: M | D74: 232 | E74: 50.89 | F74: 11806.48 | G74: 0 | H74: 0 | I74: =G74+H74 -> 0 | J74: =TRUNC(E74*G74,2) -> 0 | K74: =TRUNC(E74*H74,2) -> 0 | L74: =J74+K74 -> 0 | M74: =L74/F74 -> 0
A75: 5 | B75: SISTEMA DE VEDAÇÃO VERTICAL | F75: =SUM(F76:F78) -> 53575.28
A76: 5.1 | B76: ALVENARIA DE VEDAÇÃO DE BLOCOS CERÂMICOS FURADOS NA VERTICAL DE 9X19X39 CM (ESPESSURA 9 CM) E ARGAMASSA DE ASSENTAMENTO COM PREPARO EM BETONEIRA. AF_12/2021 | C76: m² | D76: 914.03 | E76: 45.43 | F76: 41524.38 | G76: 0 | H76: 0 | I76: =G76+H76 -> 0 | J76: =TRUNC(E76*G76,2) -> 0 | K76: =TRUNC(E76*H76,2) -> 0 | L76: =J76+K76 -> 0 | M76: =L76/F76 -> 0
A77: 5.2 | B77: FIXAÇÃO (ENCUNHAMENTO) DE ALVENARIA DE VEDAÇÃO COM TIJOLO MACIÇO. AF_03/2016 | C77: M | D77: 295.3 | E77: 21.79 | F77: 6434.58 | G77: 0 | H77: 0 | I77: =G77+H77 -> 0 | J77: =TRUNC(E77*G77,2) -> 0 | K77: =TRUNC(E77*H77,2) -> 0 | L77: =J77+K77 -> 0 | M77: =L77/F77 -> 0
A78: 5.3 | B78: DIVISÓRIA DE GRANITO CINZA E=2cm | C78: m² | D78: 12.92 | E78: 434.7 | F78: 5616.32 | G78: 0 | H78: 0 | I78: =G78+H78 -> 0 | J78: =TRUNC(E78*G78,2) -> 0 | K78: =TRUNC(E78*H78,2) -> 0 | L78: =J78+K78 -> 0 | M78: =L78/F78 -> 0
A79: 6 | B79: ESQUADRIAS | F79: =F80+F88+F92+F94+F106 -> 149488.57 | J79: =SUM(J81) -> 0 | K79: =SUM(K81) -> 0 | L79: =SUM(L81) -> 0 | M79: =L79/F79 -> 0
A80: 6.1 | B80: PORTAS DE MADEIRA | F80: =SUM(F81:F87) -> 25618.06 | M80: =L80/F80 -> 0
A81: 6.1.1 | B81: KIT DE PORTA DE MADEIRA PARA PINTURA, SEMI-OCA (LEVE OU MÉDIA), PADRÃO MÉDIO, 80X210CM, ESPESSURA DE 3,5CM, ITENS INCLUSOS: DOBRADIÇAS, MONTAGEM E INSTALAÇÃO DO BATENTE, FECHADURA COM EXECUÇÃO DO FURO - FORNECIMENTO E INSTALAÇÃO. AF_12/2019 | C81: UN | D81: 7 | E81: 894.39 | F81: 6260.73 | G81: 0 | H81: 0 | I81: =G81+H81 -> 0 | J81: =TRUNC(E81*G81,2) -> 0 | K81: =TRUNC(E81*H81,2) -> 0 | L81: =J81+K81 -> 0 | M81: =L81/F81 -> 0
A82: 6.1.2 | B82: KIT DE PORTA DE MADEIRA PARA PINTURA, SEMI-OCA (LEVE OU MÉDIA), PADRÃO POPULAR, 80X210CM, ESPESSURA DE 3,5CM, ITENS INCLUSOS: DOBRADIÇAS, MONTAGEM E INSTALAÇÃO DO BATENTE, FECHADURA COM EXECUÇÃO DO FURO - FORNECIMENTO E INSTALAÇÃO. AF_12/2019 | C82: UN | D82: 7 | E82: 742.48 | F82: 5197.36 | G82: 0 | H82: 0 | I82: =G82+H82 -> 0 | J82: =TRUNC(E82*G82,2) -> 0 | K82: =TRUNC(E82*H82,2) -> 0 | L82: =J82+K82 -> 0 | M82: =L82/F82 -> 0
A83: 6.1.3 | B83: KIT DE PORTA DE MADEIRA PARA PINTURA, SEMI-OCA (LEVE OU MÉDIA), PADRÃO MÉDIO, 80X210CM, ESPESSURA DE 3,5CM, ITENS INCLUSOS: DOBRADIÇAS, MONTAGEM E INSTALAÇÃO DO BATENTE, FECHADURA COM EXECUÇÃO DO FURO - FORNECIMENTO E INSTALAÇÃO. AF_12/2019 | C83: UN | D83: 2 | E83: 894.39 | F83: 1788.78 | G83: 0 | H83: 0 | I83: =G83+H83 -> 0 | J83: =TRUNC(E83*G83,2) -> 0 | K83: =TRUNC(E83*H83,2) -> 0 | L83: =J83+K83 -> 0 | M83: =L83/F83 -> 0
A84: 6.1.4 | B84: PM4 - PORTA DE ABRIR EM MADEIRA PARA PINTURA 0,6 X 2,1M, ESPESSURA DE 3,5 CM, COM VENEZIANA 0,5 X 0,40M, CONFORMA PROJETO, INCLUSO DOBRADIÇAS, BATENTES E FECHADURAS | C84: UN | D84: 1 | E84: 1208.27 | F84: 1208.27 | G84: 0 | H84: 0 | I84: =G84+H84 -> 0 | J84: =TRUNC(E84*G84,2) -> 0 | K84: =TRUNC(E84*H84,2) -> 0 | L84: =J84+K84 -> 0 | M84: =L84/F84 -> 0
A85: 6.1.5 | B85: KIT DE PORTA DE MADEIRA TIPO VENEZIANA, 80X210CM (ESPESSURA DE 3CM), PADRÃO POPULAR, ITENS INCLUSOS: DOBRADIÇAS, MONTAGEM E INSTALAÇÃO DE BATENTE, FECHADURA COM EXECUÇÃO DO FURO - FORNECIMENTO E INSTALAÇÃO. AF_12/2019 | C85: UN | D85: 3 | E85: 1210.94 | F85: 3632.82 | G85: 0 | H85: 0 | I85: =G85+H85 -> 0 | J85: =TRUNC(E85*G85,2) -> 0 | K85: =TRUNC(E85*H85,2) -> 0 | L85: =J85+K85 -> 0 | M85: =L85/F85 -> 0
A86: 6.1.6 | B86: PM6 - PORTA DE ABRIR EM CHAPA DE MADEIRA COMPENSADA PARA BANHEIRO REVESTIDA COM LAMINADO 0,6 X 1,60 M, INCLUSO MARCO E DOBRADIÇAS. (REF. SINAPI/02/2023, SBC 04/2023)(UN) | C86: UN | D86: 3 | E86: 1377.86 | F86: 4133.58 | G86: 0 | H86: 0 | I86: =G86+H86 -> 0 | J86: =TRUNC(E86*G86,2) -> 0 | K86: =TRUNC(E86*H86,2) -> 0 | L86: =J86+K86 -> 0 | M86: =L86/F86 -> 0
A87: 6.1.7 | B87: PM7 - PORTA DE ABRIR EM CHAPA DE MADEIRA COMPENSADA PARA BANHEIRO REVESTIDA COM LAMINADO 0,80 X 1,60 M, INCLUSO MARCO E DOBRADIÇAS | C87: UN | D87: 2 | E87: 1698.26 | F87: 3396.52 | G87: 0 | H87: 0 | I87: =G87+H87 -> 0 | J87: =TRUNC(E87*G87,2) -> 0 | K87: =TRUNC(E87*H87,2) -> 0 | L87: =J87+K87 -> 0 | M87: =L87/F87 -> 0
A88: 6.2 | B88: FERRAGENS E ACESSÓRIOS | F88: =SUM(F89:F91) -> 996.45 | M88: =L88/F88 -> 0
A89: 6.2.1 | B89: PUXADOR PARA PCD, FIXADO NA PORTA - FORNECIMENTO E INSTALAÇÃO. AF_01/2020 | C89: UN | D89: 2 | E89: 278.38 | F89: 556.76 | G89: 0 | H89: 0 | I89: =G89+H89 -> 0 | J89: =TRUNC(E89*G89,2) -> 0 | K89: =TRUNC(E89*H89,2) -> 0 | L89: =J89+K89 -> 0 | M89: =L89/F89 -> 0
A90: 6.2.2 | B90: FECHADURA DE EMBUTIR COMPLETA, TIPO TARJETA LIVRE - OCUPADO | C90: UN | D90: 5 | E90: 48.08 | F90: 240.4 | G90: 0 | H90: 0 | I90: =G90+H90 -> 0 | J90: =TRUNC(E90*G90,2) -> 0 | K90: =TRUNC(E90*H90,2) -> 0 | L90: =J90+K90 -> 0 | M90: =L90/F90 -> 0
A91: 6.2.3 | B91: CHAPA MATÁLICA (ALUMÍNIO) 0,80M 0,40 MM, E= 1MM PARA AS PORTAS | C91: M² | D91: 2.88 | E91: 69.2 | F91: 199.29 | G91: 0 | H91: 0 | I91: =G91+H91 -> 0 | J91: =TRUNC(E91*G91,2) -> 0 | K91: =TRUNC(E91*H91,2) -> 0 | L91: =J91+K91 -> 0 | M91: =L91/F91 -> 0
A92: 6.3 | B92: PORTAS DE ALUMÍNIO | F92: =F93 -> 461.96 | J92: =SUM(J93:J93) -> 0 | K92: =SUM(K93:K93) -> 0 | L92: =SUM(L93:L93) -> 0 | M92: =L92/F92 -> 0
A93: 6.3.1 | B93: Porta em alumínio, cor N/P/B, tipo veneziana (até 50%) e vidro (até 50%), de abrir ou correr, completa, inclusive caixilhos, dobradiças ou roldanas, fechadura exclusive vidro | C93: m² | D93: 1.68 | E93: 274.98 | F93: 461.96 | G93: 0 | H93: 0 | I93: =G93+H93 -> 0 | J93: =TRUNC(E93*G93,2) -> 0 | K93: =TRUNC(E93*H93,2) -> 0 | L93: =J93+K93 -> 0 | M93: =L93/F93 -> 0
A94: 6.4 | B94: JANELAS DE ALUMÍNIO | F94: =SUM(F95:F105) -> 120131.96 | J94: =SUM(J95:J95) -> 0 | K94: =SUM(K95:K95) -> 0 | L94: =SUM(L95:L95) -> 0 | M94: =L94/F94 -> 0
A95: 6.4.1 | B95: JANELA DE ALUMÍNIO TIPO MAXIM-AR, COM VIDROS, BATENTE E FERRAGENS. EXCLUSIVE ALIZAR, ACABAMENTO E CONTRAMARCO. FORNECIMENTO E INSTALAÇÃO. AF_12/2019 | C95: m² | D95: 0.24 | E95: 1295.37 | F95: 310.88 | G95: 0 | H95: 0 | I95: =G95+H95 -> 0 | J95: =TRUNC(E95*G95,2) -> 0 | K95: =TRUNC(E95*H95,2) -> 0 | L95: =J95+K95 -> 0 | M95: =L95/F95 -> 0
A96: 6.4.2 | B96: JANELA DE ALUMÍNIO TIPO MAXIM-AR, COM VIDROS, BATENTE E FERRAGENS. EXCLUSIVE ALIZAR, ACABAMENTO E CONTRAMARCO. FORNECIMENTO E INSTALAÇÃO. AF_12/2019 | C96: m² | D96: 1.08 | E96: 1295.37 | F96: 1398.99 | G96: 0 | H96: 0 | I96: =G96+H96 -> 0 | J96: =TRUNC(E96*G96,2) -> 0 | K96: =TRUNC(E96*H96,2) -> 0 | L96: =J96+K96 -> 0 | M96: =L96/F96 -> 0
A97: 6.4.3 | B97: JANELA DE ALUMÍNIO TIPO MAXIM-AR, COM VIDROS, BATENTE E FERRAGENS. EXCLUSIVE ALIZAR, ACABAMENTO E CONTRAMARCO. FORNECIMENTO E INSTALAÇÃO. AF_12/2019 | C97: m² | D97: 3.2 | E97: 1295.37 | F97: 4145.18 | G97: 0 | H97: 0 | I97: =G97+H97 -> 0 | J97: =TRUNC(E97*G97,2) -> 0 | K97: =TRUNC(E97*H97,2) -> 0 | L97: =J97+K97 -> 0 | M97: =L97/F97 -> 0
A98: 6.4.4 | B98: JANELA DE ALUMÍNIO DE CORRER COM 2 FOLHAS PARA VIDROS, COM VIDROS, BATENTE, ACABAMENTO COM ACETATO OU BRILHANTE E FERRAGENS. EXCLUSIVE ALIZAR E CONTRAMARCO. FORNECIMENTO E INSTALAÇÃO. AF_12/2019 | C98: m² | D98: 0.6 | E98: 688.71 | F98: 413.22 | G98: 0 | H98: 0 | I98: =G98+H98 -> 0 | J98: =TRUNC(E98*G98,2) -> 0 | K98: =TRUNC(E98*H98,2) -> 0 | L98: =J98+K98 -> 0 | M98: =L98/F98 -> 0
A99: 6.4.5 | B99: JANELA DE ALUMÍNIO DE CORRER COM 2 FOLHAS PARA VIDROS, COM VIDROS, BATENTE, ACABAMENTO COM ACETATO OU BRILHANTE E FERRAGENS. EXCLUSIVE ALIZAR E CONTRAMARCO. FORNECIMENTO E INSTALAÇÃO. AF_12/2019 | C99: m² | D99: 6 | E99: 688.71 | F99: 4132.26 | G99: 0 | H99: 0 | I99: =G99+H99 -> 0 | J99: =TRUNC(E99*G99,2) -> 0 | K99: =TRUNC(E99*H99,2) -> 0 | L99: =J99+K99 -> 0 | M99: =L99/F99 -> 0
A100: 6.4.6 | B100: JANELA DE ALUMÍNIO TIPO MAXIM-AR, COM VIDROS, BATENTE E FERRAGENS. EXCLUSIVE ALIZAR, ACABAMENTO E CONTRAMARCO. FORNECIMENTO E INSTALAÇÃO. AF_12/2019 | C100: m² | D100: 3.3 | E100: 1295.37 | F100: 4274.72 | G100: 0 | H100: 0 | I100: =G100+H100 -> 0 | J100: =TRUNC(E100*G100,2) -> 0 | K100: =TRUNC(E100*H100,2) -> 0 | L100: =J100+K100 -> 0 | M100: =L100/F100 -> 0
A101: 6.4.7 | B101: JANELA DE ALUMÍNIO TIPO MAXIM-AR, COM VIDROS, BATENTE E FERRAGENS. EXCLUSIVE ALIZAR, ACABAMENTO E CONTRAMARCO. FORNECIMENTO E INSTALAÇÃO. AF_12/2019 | C101: m² | D101: 8.8 | E101: 1295.37 | F101: 11399.25 | G101: 0 | H101: 0 | I101: =G101+H101 -> 0 | J101: =TRUNC(E101*G101,2) -> 0 | K101: =TRUNC(E101*H101,2) -> 0 | L101: =J101+K101 -> 0 | M101: =L101/F101 -> 0
A102: 6.4.8 | B102: JANELA DE ALUMÍNIO TIPO MAXIM-AR, COM VIDROS, BATENTE E FERRAGENS. EXCLUSIVE ALIZAR, ACABAMENTO E CONTRAMARCO. FORNECIMENTO E INSTALAÇÃO. AF_12/2019 | C102: m² | D102: 67.76 | E102: 1295.37 | F102: 87774.27 | G102: 0 | H102: 0 | I102: =G102+H102 -> 0 | J102: =TRUNC(E102*G102,2) -> 0 | K102: =TRUNC(E102*H102,2) -> 0 | L102: =J102+K102 -> 0 | M102: =L102/F102 -> 0
A103: 6.4.9 | B103: JANELA DE ALUMÍNIO, TIPO VENEZIANA | C103: m² | D103: 6.48 | E103: 483.96 | F103: 3136.06 | G103: 0 | H103: 0 | I103: =G103+H103 -> 0 | J103: =TRUNC(E103*G103,2) -> 0 | K103: =TRUNC(E103*H103,2) -> 0 | L103: =J103+K103 -> 0 | M103: =L103/F103 -> 0
A104: 6.4.10 | B104: JANELA FIXA DE ALUMÍNIO PARA VIDRO, COM VIDRO, BATENTE E FERRAGENS. EXCLUSIVE ACABAMENTO, ALIZAR E CONTRAMARCO. FORNECIMENTO E INSTALAÇÃO. AF_12/2019 | C104: m² | D104: 1.98 | E104: 1468.47 | F104: 2907.57 | G104: 0 | H104: 0 | I104: =G104+H104 -> 0 | J104: =TRUNC(E104*G104,2) -> 0 | K104: =TRUNC(E104*H104,2) -> 0 | L104: =J104+K104 -> 0 | M104: =L104/F104 -> 0
A105: 6.4.11 | B105: Tela de nylon tipo mosquiteiro com moldura em madeira, para esquadrias - Rev 01 | C105: m² | D105: 4.2 | E105: 57.04 | F105: 239.56 | G105: 0 | H105: 0 | I105: =G105+H105 -> 0 | J105: =TRUNC(E105*G105,2) -> 0 | K105: =TRUNC(E105*H105,2) -> 0 | L105: =J105+K105 -> 0 | M105: =L105/F105 -> 0
A106: 6.5 | B106: VIDROS | F106: =SUM(F107:F108) -> 2280.14 | M106: =L106/F106 -> 0
A107: 6.5.1 | B107: VIDRO TEMPERADO INCOLOR C/MASSA E=6MM, COLOCADO | C107: m² | D107: 1.98 | E107: 241.08 | F107: 477.33 | G107: 0 | H107: 0 | I107: =G107+H107 -> 0 | J107: =TRUNC(E107*G107,2) -> 0 | K107: =TRUNC(E107*H107,2) -> 0 | L107: =J107+K107 -> 0 | M107: =L107/F107 -> 0
...

Sheet MC 01
A2: MEMÓRIA DE CÁLCULO
A4: 1.0 - SERVIÇOS PRELIMINARES
A6: ITEM | B6: DESCRIÇÃO | E6: UNID. | F6: TOTAL CONTR. | G6: ACUMUL. MEDIÇÕES | H6: SALDO CONTRATO
A7: 1.1 | B7: ='BM 01'!B20 -> Placa de obra em chapa aço galvanizado, instalada - Rev 02_01/2022 | E7: ='BM 01'!C20 -> m² | F7: ='BM 01'!D20 -> 10 | G7: ='BM 01'!H20 -> 10 | H7: =F7-G7 -> 0
C8: CÁLCULOS
A9: DESCRIÇÃO | C9: QUANT. | E9: LARGUR. | F9: ALTURA | H9: TOTAL
A10: ÁREA DA PLACA | C10: 1 | E10: 2 | F10: 5 | G10: =F10*E10 -> 10 | H10: =C10*F10*E10 -> 10
A12: TOTAL =====================> | H12: =SUM(H10:H10) -> 10
A14: ITEM | B14: DESCRIÇÃO | E14: UNID. | F14: TOTAL CONTR. | G14: ACUMUL. MEDIÇÕES | H14: SALDO CONTRATO
A15: 1.2 | B15: ='BM 01'!B21 -> TAPUME COM COMPENSADO DE MADEIRA. AF_05/2018 | E15: ='BM 01'!C21 -> m² | F15: ='BM 01'!D21 -> 176 | G15: ='BM 01'!I21 -> 176 | H15: =F15-G15 -> 0
C16: CÁLCULOS
A17: DESCRIÇÃO | C17: QUANT. | D17: COMPRIM. | E17: LARGUR. | H17: TOTAL
A18: COMPRIMENTO LINEAR | C18: 1 | D18: 58.67 | E18: 3 | F18: =E18*D18 -> 176.01 | H18: =C18*D18*E18 -> 176.01
A20: TOTAL =====================> | H20: =SUM(H18:H18) -> 176.01
A22: ITEM | B22: DESCRIÇÃO | E22: UNID. | F22: TOTAL CONTR. | G22: ACUMUL. MEDIÇÕES | H22: SALDO CONTRATO
A23: ='BM 01'!A22 -> 1.3 | B23: ='BM 01'!B22 -> INSTALAÇÕES PROVISÓRIAS DE LUZ , FORÇA,TELEFONE E LÓGICA | E23: UND | F23: 0 | G23: ='BM 01'!I22 -> 0 | H23: 0
C24: CÁLCULOS
A25: DESCRIÇÃO | H25: TOTAL
A26: Energia | C26: 0 | H26: 0
A28: TOTAL =====================> | H28: 1und
A30: 2.0 - MOVIMENTO DE TERRAS
A32: ITEM | B32: DESCRIÇÃO | E32: UNID. | F32: TOTAL CONTR. | G32: ACUMUL. MEDIÇÕES | H32: SALDO CONTRATO
A33: 1.4 | B33: EXECUÇÃO DE RESERVATÓRIO ELEVADO DE ÁGUA (1000 LITROS) EM CANTEIRO DE OBRA, APOIADO EM ESTRUTURA DE MADEIRA. AF_02/2016_PA | E33: und | F33: 0 | G33: 0
C34: CÁLCULOS
A35: DESCRIÇÃO | H35: TOTAL
A36: Agua portavel. | C36: 0 | H36: 0
A38: TOTAL =====================> | H38: 1 und
A40: ITEM | B40: DESCRIÇÃO | E40: UNID. | F40: TOTAL CONTR. | G40: ACUMUL. MEDIÇÕES | H40: SALDO CONTRATO
A41: 1.6 | B41: EXECUÇÃO DE SANITÁRIO E VESTIÁRIO EM CANTEIRO DE OBRA EM CHAPA DE MADEIRA COMPENSADA, NÃO INCLUSO MOBILIÁRIO. AF_02/2016 | E41: m² | F41: 0 | G41: 0
C42: CÁLCULOS
A43: DESCRIÇÃO | H43: TOTAL
A44: Área de banheiro. | C44: QUANT. | D44: COMPRIM. | E44: LARGUR. | H44: 1.00
C45: 0 | D45: 0 | E45: 0 | F45: 0 | H45: 0
A47: TOTAL =====================> | H47: 2.52
A49: ITEM | B49: DESCRIÇÃO | E49: UNID. | F49: TOTAL CONTR. | G49: ACUMUL. MEDIÇÕES | H49: SALDO CONTRATO
A50: 1.7 | B50: EXECUÇÃO DE ESCRITÓRIO EM CANTEIRO DE OBRA EM CHAPA DE MADEIRA COMPENSADA, NÃO INCLUSO MOBILIÁRIO E EQUIPAMENTOS. AF_02/2016 | E50: m² | F50: 20 | G50: 20
C51: CÁLCULOS
A52: DESCRIÇÃO | C52: QUANT. | D52: COMPRIM. | E52: LARGUR. | H52: TOTAL
A53: Área de canteiro. | C53: 1 | D53: 5 | E53: 4 | F53: =E53*D53 -> 20 | H53: 20
A55: TOTAL =====================> | H55: 20
A57: ITEM | B57: DESCRIÇÃO | E57: UNID. | F57: TOTAL CONTR. | G57: ACUMUL. MEDIÇÕES | H57: SALDO CONTRATO
A58: 1.8 | B58: EXECUÇÃO DE DEPÓSITO EM CANTEIRO DE OBRA EM CHAPA DE MADEIRA COMPENSADA, NÃO INCLUSO MOBILIÁRIO. AF_04/2016 | E58: m² | F58: 20 | G58: 20
C59: CÁLCULOS
A60: DESCRIÇÃO | C60: QUANT. | D60: COMPRIM. | E60: LARGUR. | H60: TOTAL
A61: Área de canteiro. | C61: 1 | D61: 5 | E61: 4 | F61: =E61*D61 -> 20 | H61: 20
A63: TOTAL =====================> | H63: 20
A67: ITEM | B67: DESCRIÇÃO | E67: UNID. | F67: TOTAL CONTR. | G67: ACUMUL. MEDIÇÕES | H67: SALDO CONTRATO
A68: 1.10 | B68: LIMPEZA MECANIZADA DE CAMADA VEGETAL, VEGETAÇÃO E PEQUENAS ÁRVORES (DIÂMETRO DE TRONCO MENOR QUE 0,20 M), COM TRATOR DE ESTEIRAS.AF_05/2018 | E68: ='BM 01'!C37 -> m² | F68: 4000 | G68: 4000
C69: CÁLCULOS
A70: DESCRIÇÃO | C70: QUANT. | D70: COMPRIM. | E70: LARGUR. | H70: TOTAL
A71: Área da obra . | C71: 1 | D71: 104.41 | E71: 38.32 | F71: =E71*D71 -> 4000.9912 | H71: 4000
A73: TOTAL =====================> | H73: 4000
A75: ITEM | B75: DESCRIÇÃO | E75: UNID. | F75: TOTAL CONTR. | G75: ACUMUL. MEDIÇÕES | H75: SALDO CONTRATO
G76: ='BM 01'!I38 -> 0
C77: CÁLCULOS
A78: DESCRIÇÃO | H78: TOTAL
C79: -
A81: TOTAL =====================>
A83: ITEM | B83: DESCRIÇÃO | E83: UNID. | F83: TOTAL CONTR. | G83: ACUMUL. MEDIÇÕES | H83: SALDO CONTRATO
G84: ='BM 01'!I40 -> 0
C85: CÁLCULOS
A86: DESCRIÇÃO | H86: TOTAL
A89: TOTAL =====================>
A91: ITEM | B91: DESCRIÇÃO | E91: UNID. | F91: TOTAL CONTR. | G91: ACUMUL. MEDIÇÕES | H91: SALDO CONTRATO
E92: ='BM 01'!C41 -> KG | G92: ='BM 01'!I41 -> 0
C93: CÁLCULOS
A94: DESCRIÇÃO | H94: TOTAL
C95: -
A97: TOTAL =====================>
A99: 8.0 - IMPERMEABILIZAÇÃO
A101: ITEM | B101: DESCRIÇÃO | E101: UNID. | F101: TOTAL CONTR. | G101: ACUMUL. MEDIÇÕES | H101: SALDO CONTRATO
C103: CÁLCULOS
A104: DESCRIÇÃO | H104: TOTAL

Sheet MF 01
A1: MEMÓRIA FOTOGRÁFICA
J3: FOTO 02 - Tapume .
B14: FOTO 01 - Placa de obra
B27: FOTO 06 -Escritório. | J27: FOTO 07 - Depósito.
B40: FOTO 08 - Limpeza da obra.
B66: FOTO 09 - | J66: FOTO 10 -
B79: FOTO 11 - | J79: FOTO 12 -
B92: FOTO 13 - | J92: FOTO 14 -
B105: FOTO 15 -

Sheet CPU do item não planilhado
B2: COMPOSIÇÕES DE CUSTOS UNITÁRIOS DE ITENS EXECUTADOS NÃO PLANILHADOS
B4: 1 | C4: Código | D4: Banco | E4: Descrição | F4: Tipo | H4: Und | I4: Quant. | J4: Valor Unit | K4: Total
B5: Composição | C5: D18 | D5: Próprio | E5: ALVENARIA EM TIJOLO CERAMICO FURADO 9X19X19CM, 1 VEZ (ESPESSURA 19 CM), ASSENTADO EM ARGAMASSA TRACO 1:4 (CIMENTO E AREIA MEDIA NAO PENEIRADA), PREPARO MANUAL, JUNTA1 CM. INC_11/2016 | F5: 205 | H5: m² | I5: 1 | J5: 83.93 | K5: =K6+K7+K8+K9 -> 74.510654
B6: Composição Auxiliar | C6: 87373 | D6: SINAPI | E6: ARGAMASSA TRAÇO 1:4 (EM VOLUME DE CIMENTO E AREIA MÉDIA ÚMIDA) PARA CONTRAPISO, PREPARO MANUAL. AF_08/2019 | F6: SEDI - SERVIÇOS DIVERSOS | H6: m³ | I6: 0.0138 | J6: 513.83 | K6: =J6*I6 -> 7.090854
B7: Composição Auxiliar | C7: 88309 | D7: SINAPI | E7: PEDREIRO COM ENCARGOS COMPLEMENTARES | F7: SEDI - SERVIÇOS DIVERSOS | H7: H | I7: 1.14 | J7: 17.59 | K7: =J7*I7 -> 20.0526
B8: Composição Auxiliar | C8: 88316 | D8: SINAPI | E8: SERVENTE COM ENCARGOS COMPLEMENTARES | F8: SEDI - SERVIÇOS DIVERSOS | H8: H | I8: 0.88 | J8: 13.94 | K8: =J8*I8 -> 12.2672
B9: Insumo | C9: 7271 | D9: SINAPI | E9: BLOCO CERAMICO / TIJOLO VAZADO PARA ALVENARIA DE VEDACAO, 8 FUROS NA HORIZONTAL, DE 9 X 19 X 19 CM (L XA X C) | F9: Material | H9: UN | I9: 54 | J9: 0.65 | K9: =J9*I9 -> 35.1
F10: MO sem LS => | G10: 29.07 | H10: LS => | I10: 0 | J10: MO com LS => | K10: 29.07
F11: Valor do BDI => | G11: =K5*0.275 -> 20.49043 | I11: Valor com BDI => | K11: =K5+G11 -> 95.001084
B12: Observação
B13: Baseado no item CAERN (2050001) , BDI 27,50 %, SINAPI BASE LICITADA 09/2021
